 Dungeon Crawl Stone Soup version 0.31-a0-876-gfe8ebadbca (webtiles) character file.

Game seed: 2731693346655162799

301 Azuregosa the Sneak (level 6, -2/42 HPs)
             Began as an Octopode Delver on Oct 13, 2023.
             Was a Follower of Cheibriados.
             Slain by a hound (6 damage)
             ... on level 2 of the Dungeon.
             The game lasted 00:09:37 (1662 turns).

Azuregosa the Sneak (Octopode Delver)               Turns: 1662, Time: 00:09:37

Health: -2/42      AC:  1    Str: 14    XL:     6   Next: 37%
Magic:  3/10       EV: 14    Int: 18    God:    Cheibriados [*.....]
Gold:   120        SH:  0    Dex: 16    Spells: 4/10 levels left

rFire   + . .        o - +3 whip (flame)
rCold   . . .        (no shield)
rNeg    . . .        (helmet restricted)
rPois   .            (no amulet)
rElec   .            (no ring)
rCorr   .            (no ring)
SInv    .            (no ring)
Will    .....        (no ring)
Stlth   +++++        (no ring)
HPRegen 0.27/turn    (no ring)
MPRegen 0.12/turn    (no ring)
                     (no ring)

%: no passive effects
@: very slow
A: almost no armour, amphibious, 8 rings, camouflage 1, gelatinous body 1,
(nimble swimmer 1), tentacles, antennae 1, fire resistance 1, wild magic 1
a: Renounce Religion, Bend Time


You were on level 2 of the Dungeon.
You worshipped Cheibriados.
Cheibriados was aware of your devotion.
You visited 1 branch of the dungeon, and saw 4 of its levels.

You collected 120 gold pieces.

Inventory:

Hand Weapons
 a - a +0 falchion
 k - a +0 short sword of holy wrath
 o - a +3 whip of flaming (weapon)
Missiles
 j - 2 boomerangs
 m - 2 silver javelins
Jewellery
 h - an amulet of reflection
Wands
 c - a wand of light (4)
 f - a wand of digging (3)
Scrolls
 b - a scroll of fog
 d - a scroll of revelation
 g - a scroll of teleportation {unknown}
 i - a scroll of fear
Potions
 e - 2 potions of haste
 n - a potion of degeneration {unknown}


   Skills:
 + Level 3.5 Fighting
 - Level 2.7 Long Blades
 - Level 2.7 Dodging
 - Level 7.1 Stealth
 + Level 2.8 Spellcasting
 + Level 3.1 Fire Magic


You had 4 spell levels left.
You knew the following spells:

 Your Spells              Type           Power      Damage    Failure   Level
a - Scorch                Fire           36%        2d6       11%         2
b - Flame Wave            Conj/Fire      10%        2d6       73%         4

Your spell library contained the following spells:

 Spells                   Type           Power      Damage    Failure   Level
 Foxfire                  Conj/Fire      40%        2x1d6     13%         1
 Plasma Beam              Fire/Air       5%         2x1d15    100%        6
 Starburst                Conj/Fire      5%         6d4       100%        6
 Summon Cactus Giant      Summ           1%         N/A       100%        6


Dungeon Overview and Level Annotations

Branches:
Dungeon (5/15)
 Temple: D:4-7

Altars:
Cheibriados
Okawaru
Qazlal
Sif Muna

Shops:
D:2 (

Annotations:
D:2 Sigmund


Innate Abilities, Weirdness & Mutations

You cannot wear most types of armour.
You are amphibious.
You can wear up to eight rings at the same time.
Your skin changes colour to match your surroundings (Stealth+).
Your rubbery body absorbs attacks. (AC +1, EV +1)
((You are camouflaged when in or above water. (Stealth+)))
You have tentacles for arms and can constrict up to eight enemies at once.
You have a pair of small antennae on your head.
Your flesh is heat resistant. (rF+)
Your spells are a little harder to cast, but a little more powerful.


Message History

You closely miss the hound. Your grab misses the hound.
The hound closely misses you.
Sigmund whispers, "You'll know eternity soon."
Sigmund gestures wildly while chanting.
Sigmund flickers and vanishes!
Deactivating autopickup; reactivate with Ctrl-A.
The hound barely misses you. The hound attacks as it pursues you!
The hound bites you. x2
The hound attacks as it pursues you! The hound completely misses you.
The hound closely misses you.
You see here 8 gold pieces.
The hound pauses to sniff the ground.
The hound bites you. The hound misses you. The hound attacks as it pursues you!
The hound bites you. x2
The hound misses you. The hound bites you but does no damage.
The hound bites you. The hound misses you. The hound misses you.
The hound attacks as it pursues you! The hound barely misses you.
The hound bites you. The hound closely misses you. The hound bites you.
The hound closely misses you.
The hound pauses to sniff the ground.
The hound attacks as it pursues you! The hound bites you.
The hound barely misses you. The hound attacks as it pursues you!
The hound bites you. x2
* * * LOW HITPOINT WARNING * * *
Casting: Scorch (safe; 7% risk of failure)
Confirm with . or Enter, or press ? or * to list all spells.
Flames lash the hound.
The hound is moderately wounded.
The hound's fire resistance burns away.
Something hits you.
* * * LOW HITPOINT WARNING * * *
The hound closely misses you.
It was a potion of mutation.
You feel extremely strange.
You feel resistant to heat.
You feel less in control of your magic. A pair of antennae grows on your head!
The hound bites you.
You die...

.........##..###.#..
...................
.##.#..#.##..#..... .#
.............+..... #.#
.........##.##..... ...#
......##.##.##.#+#####...
.........##.##.#..........
..#.####.##..........#....
................@h........
..........#.##+###{###.#.#.#
..#.####..#......#.###.#.#.
....# #...#......#g#......
..### #...#......#.#...#.#
..# #........###.#...#.#
..#####...#.##.###.......##
...................#...#...
#.###..................#.#


You could see a hound (combustible).

Vanquished Creatures
  Pargi (D:3)
  3 hounds (D:4)
  A sleepcap (D:3)
  An iguana (D:4)
  3 adders
  5 orcs
  2 endoplasms (D:2)
  3 goblins
  3 hobgoblins
  5 quokkas
  2 ball pythons
  2 bats
  6 kobolds
37 creatures vanquished.

Notes
Turn   | Place    | Note
-------+----------+-------------------------------------------
     0 | D:5      | Azuregosa the Octopode Delver began the quest for the Orb.
     0 | D:5      | Reached XP level 1. HP: 16/16 MP: 1/1
     8 | D:5      | Noticed an ogre
     9 | D:5      | Became a worshipper of Cheibriados the Contemplative
    42 | D:4      | Noticed an iguana
    46 | D:4      | Reached XP level 2. HP: 9/21 MP: 2/2
    47 | D:4      | Reached skill level 7 in Stealth
    47 | D:4      | Reached XP level 3. HP: 11/26 MP: 3/3
    57 | D:4      | Reached XP level 4. HP: 7/31 MP: 4/4
   172 | D:4      | Learned a level 2 spell: Scorch
   194 | D:4      | Reached skill level 1 in Fire Magic
   196 | D:4      | Reached skill level 1 in Spellcasting
   196 | D:4      | Reached XP level 5. HP: 14/36 MP: 2/7
   434 | D:4      | Found a stormy altar of Qazlal.
   882 | D:3      | Found an iron altar of Okawaru.
   984 | D:3      | Reached * piety under Cheibriados
  1073 | D:3      | Noticed Pargi
  1097 | D:3      | Killed Pargi
  1098 | D:3      | Reached XP level 6. HP: 28/42 MP: 0/10
  1183 | D:3      | Learned a level 4 spell: Flame Wave
  1248 | D:3      | Found a shimmering blue altar of Sif Muna.
  1289 | D:2      | Found Wiothrigi's Weapon Emporium.
  1630 | D:2      | Noticed Sigmund
  1662 | D:2      | Gained mutation: Your flesh is heat resistant. (rF+)
                  | [potion of mutation]
  1662 | D:2      | Gained mutation: Your spells are a little harder to cast,
                  | but a little more powerful. [potion of mutation]
  1662 | D:2      | Gained mutation: You have a pair of small antennae on your
                  | head. [potion of mutation]
  1662 | D:2      | Slain by a hound

Illustrated notes

Levels and vault maps discovered:
D:2:      layout_basic, serial_shops, nicolae_shop_getting_attention,
          nicolae_shop_advertising_works [nicolae_subvault_shop_adworks],
          nicolae_shop_dealshenge, uniq_sigmund
D:3:      layout_basic, mainiacjoe_overflow_six_doors_small,
          kennysheep_okawaru_gauntlet, mainiacjoe_overflow_catwalk,
          nicolae_kite_square_tiling_tiny, uniq_pargi
D:4:      layout_basic, nicolae_qazlal_general_emergency,
          nicolae_dithmenos_through_a_glass_darkly, serial_shops, shop,
          grunt_ministairs_4, wad_orctagon
D:5:      layout_rooms, mainiacjoe_overflow_paths, enter_ossuary_1

Skill      XL: |  1  2  3  4  5 |
---------------+----------------+-----
Stealth        | 7 |  7.1
Fire Magic     | 1 3 |  3.1
Spellcasting   | 1 2 |  2.8
Fighting       | |  3.5
Long Blades    | |  2.7
Dodging        | |  2.7

Action                     |  1- 3 |  4- 6 || total
---------------------------+-------+-------++-------
  Melee: Falchion          |     6 |    30 ||    36
         Constrict         |     1 |    18 ||    19
         Tentacles         |     1 |    15 ||    16
         Short sword       |       |    36 ||    36
         Punch             |       |     1 ||     1
         Whip              |       |     2 ||     2
   Cast: Scorch            |       |    12 ||    12
  Evoke: Wand              |     3 |     3 ||     6
    Use: Scroll            |     2 |       ||     2
         Potion            |       |     1 ||     1
   Stab: Sleeping          |     1 |     6 ||     7
         Invisible         |       |     1 ||     1
 Armour: Skin              |     7 |    53 ||    60
  Dodge: Dodged            |     4 |    81 ||    85

Table legend: (Time is in decaauts)
 A = Elapsed time spent in this place.
 B = Non-inter-level travel time spent in this place.
 C = Inter-level travel time spent in this place.
 D = Time resting spent in this place.
 E = Time spent auto-exploring this place.
 F = Levels seen in this place.
 G = Mean time per level.
                   A        B        C        D        E       F      G
               +--------+--------+--------+--------+--------+-----+--------+
         Total |   1996 |   1996 |      0 |    408 |    986 |   4 |  499.0 |
       Dungeon |   1996 |   1996 |      0 |    408 |    986 |   4 |  499.0 |
               +--------+--------+--------+--------+--------+-----+--------+

Top non-repeatable levels by time:
     D:4: 962 daAuts
     D:3: 503 daAuts
     D:2: 494 daAuts
     D:5: 36 daAuts
